 Dungeon Crawl Stone Soup version 0.23.2-1-ga50397a (webtiles) character file.

Game seed: 10596920811564774270

41 teukkam the Shield-Bearer (level 3, 0/29 HPs)
             Began as a Minotaur Fighter on May 20, 2019.
             Succumbed to a kobold's poison
             ... on level 3 of the Dungeon.
             The game lasted 00:02:37 (924 turns).

teukkam the Shield-Bearer (Minotaur Fighter)         Turns: 924, Time: 00:02:38

Health: 0/29       AC:  7    Str: 21    XL:     3   Next: 32%
Magic:  11/11      EV:  7    Int:  5    God:
Gold:   100        SH:  9    Dex:  9    Spells: 2/2 levels left

rFire    . . .     SeeInvis .   a - +0 war axe
rCold    . . .     Gourm    .   c - +0 shield
rNeg     . . .     Faith    .   b - +0 scale mail
rPois    .         Spirit   .   (helmet restricted)
rElec    .         Reflect  .   (no cloak)
rCorr    .         Harm     .   (no gloves)
MR       .....                  (no boots)
Stlth    ..........             (no amulet)
HPRegen  0.09/turn              e - ring of magical power
MPRegen  0.12/turn              (no ring)

@: lethally poisoned (0 -> -21)
A: retaliatory headbutt, horns 2, talons 1, blurry vision 1, frail 1, evolution
1
a: no special abilities


You were on level 3 of the Dungeon.
You were not hungry.

You visited 1 branch of the dungeon, and saw 3 of its levels.

You collected 100 gold pieces.

Inventory:

Hand Weapons
 a - a +0 war axe (weapon)
Armour
 b - a +0 scale mail (worn)
 c - a +0 shield (worn)
Jewellery
 e - a ring of magical power (left hand)
Scrolls
 g - 2 scrolls of remove curse {unknown}
 h - a scroll of enchant weapon {unknown}
 j - 2 scrolls of identify {unknown}
 m - a scroll of enchant armour {unknown}
Potions
 d - a potion of might
 l - 2 potions of degeneration {unknown}
Comestibles
 f - a ration
 i - 4 chunks of flesh


   Skills:
 + Level 4.1 Fighting
 + Level 3.1 Axes
 + Level 4.1 Armour
 + Level 4.1 Shields


You had 2 spell levels left.
You didn't know any spells.
Your spell library was empty.

Dungeon Overview and Level Annotations

Branches:
Dungeon (3/15)

Altars:


Innate Abilities, Weirdness & Mutations

You reflexively headbutt those who attack you in melee.
You have a pair of horns on your head.
You have sharp toenails.
Scrolls take you a little longer to read.
You are frail. (-10% HP)
You evolve.


Message History

You hit the goblin.
* * * LOW HITPOINT WARNING * * *
You feel very sick.
The leopard gecko bites you but does no damage.
The goblin hits you but does no damage. You block the leopard gecko's attack.
You hit the goblin.
You kill the goblin!
You hit the leopard gecko but do no damage.
* * * LOW HITPOINT WARNING * * *
You feel very sick.
The leopard gecko bites you but does no damage.
You hit the leopard gecko.
You kill the leopard gecko!
* * * LOW HITPOINT WARNING * * *
You feel sick.
Unknown command.
It was a potion of mutation.
You feel extremely strange.
Your vision blurs.
You feel frail.
Your toenails lengthen and sharpen.
You feel nature experimenting on you.
Don't worry, failures die fast.
You die...

#.............#
#.............# .
#...).........# ..
#.(...........#
...#####.............#
?.......(............#
.......)(#############
.......).# ......)@.#
......)..# .........#
.........# .........#
.........# .........#
.........#


There were no monsters in sight!

Vanquished Creatures
  2 leopard geckos
  A ball python (D:1)
  3 giant cockroaches
  5 goblins
  3 hobgoblins
  4 jackals (D:1)
  6 kobolds
  4 bats
  3 frilled lizards
  5 rats
36 creatures vanquished.

Notes
Turn   | Place    | Note
-------+----------+-------------------------------------------
     0 | D:1      | teukkam the Minotaur Fighter began the quest for the Orb.
     0 | D:1      | Reached XP level 1. HP: 19/19 MP: 0/0
   264 | D:1      | Reached XP level 2. HP: 27/27 MP: 1/1
   844 | D:2      | Reached XP level 3. HP: 33/33 MP: 2/2
   923 | D:3      | HP: 1/33 [poisoned by a kobold]
   924 | D:3      | Gained mutation: Scrolls take you a little longer to read.
                  | [potion of mutation]
   924 | D:3      | Gained mutation: You are frail. (-10% HP) [potion of
                  | mutation]
   924 | D:3      | Gained mutation: You have sharp toenails. [potion of
                  | mutation]
   924 | D:3      | Gained mutation: You evolve. [potion of mutation]
   924 | D:3      | Succumbed to a kobold's poison

Skill      XL: |  1  2  3 |
---------------+----------+-----
Shields        | 4 |  4.1
Fighting       | 4 |  4.1
Armour         | 4 |  4.1
Axes           | 3 |  3.1

Action                   || total
-------------------------++-------
Melee: War axe           ||    66
       Headbutt          ||     9
  Use: Potion            ||     1
Armor: Scale mail        ||    45
Dodge: Dodged            ||    33
Block: Shield            ||    36
